 Dungeon Crawl Stone Soup version 0.22.1-2-g9c5b331 (webtiles) character file.

10120 Malhgor the Cleaver (level 11, 0/153 HPs)
             Began as a Minotaur Berserker on Dec 15, 2018.
             Was a High Priest of Trog.
             Succumbed to a spiny frog's poison
             ... on level 1 of the Lair of Beasts.
             The game lasted 00:35:00 (10736 turns).

Malhgor the Cleaver (Minotaur Berserker)           Turns: 10736, Time: 00:35:02

Health: 0/153      AC: 11    Str: 26    XL:     11   Next: 32%
Magic:  10/10      EV: 14    Int:  6    God:    Trog [*****.]
Gold:   655        SH:  0    Dex: 12    Spells: 10/10 levels left

rFire    . . .     SeeInvis +   a - +0 battleaxe
rCold    . . .     Gourm    +   (shield currently unavailable)
rNeg     + . .     Faith    .   g - +0 ring mail (curse)
rPois    .         Spirit   .   (helmet restricted)
rElec    .         Reflect  .   (no cloak)
rCorr    .         Harm     .   P - +0 pair of gloves
MR       .....                  R - +2 pair of boots
Stlth    ..........             y - amulet of the gourmand
HPRegen  0.35/turn              n - ring of positive energy
MPRegen  0.12/turn              o - ring of see invisible

@: berserking, lethally poisoned (0 -> -3), very quick
A: retaliatory headbutt, horns 2
a: Berserk, Trog's Hand, Brothers in Arms, Renounce Religion


You were on level 1 of the Lair of Beasts.
You worshipped Trog.
Trog was extremely pleased with you.
You were very full.

You visited 3 branches of the dungeon, and saw 13 of its levels.
You also visited: Sewer.

You collected 655 gold pieces.

Inventory:

Hand Weapons
 a - a +0 battleaxe (weapon)
 b - a +1 shortbow of velocity
 q - a +0 whip of electrocution
 A - a +5 dire flail of protection
 L - a +0 demon whip of electrocution
Missiles
 B - 87 arrows
Armour
 g - a cursed +0 ring mail (worn)
 H - a +0 chain mail
 P - a +0 pair of gloves (worn)
 R - a +2 pair of boots (worn)
Jewellery
 n - a ring of positive energy (left hand)
 o - a ring of see invisible (right hand)
 w - a +1 ring of protection
 y - an amulet of the gourmand (around neck)
 J - an uncursed amulet of harm
Wands
 p - a wand of disintegration (7)
 s - a wand of scattershot (5)
 D - a wand of polymorph (11)
 E - a wand of iceblast (16)
 F - a wand of acid (8)
Scrolls
 d - a scroll of immolation
 i - 2 scrolls of teleportation
 m - 2 scrolls of fog {unknown}
 t - 10 scrolls of remove curse {unknown}
 v - a scroll of amnesia {unknown}
 x - 9 scrolls of identify
 C - 3 scrolls of fear {unknown}
 I - 5 scrolls of enchant weapon {unknown}
 K - a scroll of summoning {unknown}
 N - a scroll of blinking {unknown}
 O - a scroll of brand weapon {unknown}
Potions
 e - 4 potions of heal wounds {unknown}
 f - 2 potions of mutation {unknown}
 j - 3 potions of berserk rage {unknown}
 k - 11 potions of curing {unknown}
 l - 2 potions of lignification {unknown}
 r - a potion of invisibility {unknown}
 u - 3 potions of resistance {unknown}
 z - a potion of flight {unknown}
 G - a potion of haste {unknown}
 Q - 2 potions of agility {unknown}
Miscellaneous
 M - a box of beasts
Comestibles
 c - 26 rations
 h - 10 chunks of flesh


   Skills:
 + Level 11.5 Fighting
 * Level 12.9 Axes
 - Level 8.3 Bows
 - Level 7.0 Armour
 - Level 6.3 Dodging


You had 10 spell levels left.
You didn't know any spells.
Your spell library was empty.

Dungeon Overview and Level Annotations

Branches:
Dungeon (11/15)            Temple (1/1) D:7            Lair (1/6) D:9
    Orc (0/2) D:9

Altars:
Ashenzari
Cheibriados
Dithmenos
Elyvilon
Fedhas
Gozag
Hepliaklqana
Kikubaaqudgha
Makhleb
Nemelex Xobeh
Okawaru
Qazlal
Ru
Sif Muna
Trog
Uskayaw
Vehumet
Wu Jian
Xom
Yredelemnul
Zin
The Shining One

Shops:
D:4 (   D:6 =

Annotations:
D:1 Done
D:2 Done
D:3 Done
D:4 Done
D:5 Done
D:6 Done
D:7 Done
D:8 Done
D:9 Done
D:10 Done
D:11 Done


Innate Abilities, Weirdness & Mutations

You reflexively headbutt those who attack you in melee.
You have a pair of horns on your head.


Message History

* * * LOW HITPOINT WARNING * * *
The blink frog closely misses you. You furiously retaliate!
You headbutt the blink frog! The blink frog barely misses you.
You furiously retaliate!
You headbutt the blink frog!
The blink frog blinks!
You closely miss the blink frog. Your headbutt misses the blink frog.
The blink frog is heavily wounded.
You slash the blink frog! You completely miss the blink frog.
You feel sick.
The blink frog hits you but does no damage.
The blink frog hits you!
* * * LOW HITPOINT WARNING * * *
The blink frog blinks!
You are too berserk!
You are too berserk!
You open the blink frog like a pillowcase!!!
You kill the blink frog!
Trog accepts your kill.
You slice the blink frog!!
You kill the blink frog!
Trog accepts your kill.
You die...

.....)........
.......................[
........................
..............#P........
...".........##P........
.......F.....##........#
.............##......###
........†....F......##
$[.....@.F..........#
#...$..)§........####
#.........###....#
...........##.......
##.....##.##........>
#...... ...#...#...#..
......[ ......#....# .
#...#.........#.....
##..... ....


You could see 3 blink frogs.

Vanquished Creatures
  A two-headed ogre (D:11)
  Pikel (D:5)
  A manticore (D:11)
  An ugly thing (D:11)
  A spiny frog (Lair:1)
  2 blink frogs (Lair:1)
  Prince Ribbit (D:5)
  A hippogriff (Lair:1)
  Sigmund (D:4)
  A spriggan (D:7)
  A wyvern (D:10)
  10 yaks
  A basilisk (D:10)
  Menkaure (D:7)
  Edmund (D:5)
  3 porcupines (Lair:1)
  2 orc warriors (D:7)
  Purgy (Sewer)
  2 black bears
  3 sky beasts (D:7)
  A slave (D:5)
  3 ice beasts
  A phantom (D:5)
  A necrophage (D:7)
  5 ogres
  4 centaurs
  3 crocodiles (Lair:1)
  6 bullfrogs
  Blork the orc (D:5)
  A gnoll sergeant (D:9)
  A scorpion (D:10)
  3 killer bees (D:9)
  5 wights (D:6)
  A howler monkey (D:9)
  4 bullfrog zombies
  A crimson imp (D:7)
  A quasit (D:9)
  A centaur zombie (D:9)
  6 jellies
  2 bullfrog skeletons
  4 orc priests
  3 hounds
  2 iguanas (D:9)
  12 orc wizards
  6 worker ants
  A hound zombie (D:10)
  A hound skeleton (D:7)
  2 howler monkey skeletons
  9 gnolls
  13 adders
  3 shadow imps
  An ooze (D:5)
  An adder zombie (D:9)
  7 worms
  A dart slug (D:2)
  5 leopard geckos
  20 orcs
  2 ball pythons
  14 bats
  8 giant cockroaches
  8 goblins
  9 hobgoblins
  17 jackals
  3 kobolds
  A quokka (D:6)
  6 frilled lizards
  A leopard gecko skeleton (D:5)
  A quokka skeleton (D:7)
  6 rats
254 creatures vanquished.

Vanquished Creatures (others)
  2 shadow imps (D:5)
  An orc (D:5)
  A jackal (D:5)
4 creatures vanquished.

Grand Total: 258 creatures vanquished

Notes
Turn   | Place    | Note
-------+----------+-------------------------------------------
     0 | D:1      | Malhgor the Minotaur Berserker began the quest for the Orb.
     0 | D:1      | Reached XP level 1. HP: 19/19 MP: 0/0
    59 | D:1      | Reached skill level 4 in Axes
   273 | D:1      | Reached XP level 2. HP: 27/27 MP: 1/1
  1034 | D:2      | Reached ** piety under Trog
  1036 | D:2      | Reached XP level 3. HP: 32/33 MP: 2/2
  1082 | D:2      | Found a blossoming altar of Fedhas.
  1498 | D:2      | Found a basalt altar of Yredelemnul.
  1517 | D:2      | Reached skill level 5 in Axes
  1734 | D:2      | Found a faded altar of an unknown god.
  2032 | D:3      | Reached XP level 4. HP: 37/41 MP: 3/3
  2561 | D:5      | Entered Level 5 of the Dungeon
  2561 | D:5      | Noticed Prince Ribbit
  2580 | D:5      | Killed Prince Ribbit
  2580 | D:5      | Reached skill level 5 in Fighting
  2580 | D:5      | Reached skill level 7 in Axes
  2580 | D:5      | Reached XP level 5. HP: 14/48 MP: 4/4
  2580 | D:5      | Reached XP level 6. HP: 16/56 MP: 5/5
  2581 | D:5      | Noticed Blork the orc
  2722 | D:5      | Killed Blork the orc
  2726 | D:5      | Found an opulent altar of Gozag.
  2764 | D:5      | Noticed Pikel
  2764 | D:5      | Noticed a slave
  2768 | D:5      | Noticed a slave
  2771 | D:5      | Noticed a slave
  2784 | D:5      | Killed a slave
  2785 | D:5      | HP: 4/85 [disintegration (18)]
  2786 | D:5      | Killed Pikel
  2786 | D:5      | Reached skill level 9 in Axes
  2786 | D:5      | Reached XP level 7. HP: 5/64 MP: 6/6
  2899 | D:5      | Found a glowing drain.
  2908 | Sewer    | Entered a sewer
  2911 | Sewer    | Reached *** piety under Trog
  2994 | Sewer    | Noticed Purgy
  3021 | Sewer    | Killed Purgy
  3393 | D:5      | Reached XP level 8. HP: 63/73 MP: 7/7
  3479 | D:5      | Found a radiant altar of Vehumet.
  3483 | D:5      | Found an ancient bone altar of Kikubaaqudgha.
  3484 | D:5      | Found a deep blue altar of Sif Muna.
  3627 | D:5      | Noticed Edmund
  3646 | D:5      | Killed Edmund
  3646 | D:5      | Reached skill level 10 in Axes
  3771 | D:5      | Found a sparkling altar of Nemelex Xobeh.
  3975 | D:4      | Noticed Sigmund
  3982 | D:4      | Killed Sigmund
  4310 | D:4      | Found Caelefag's Antique Weapon Boutique.
  4322 | D:4      | Found an ornate altar of the Wu Jian Council.
  4414 | D:6      | Found Zisuje's Jewellery Boutique.
  4711 | D:6      | Found a shimmering altar of Xom.
  4712 | D:6      | Found a white marble altar of Elyvilon.
  5249 | D:6      | Reached XP level 9. HP: 74/82 MP: 8/8
  5254 | D:6      | Reached skill level 5 in Armour
  5560 | D:7      | Reached skill level 5 in Dodging
  5564 | D:7      | Found a hazy altar of Hepliaklqana.
  5711 | D:7      | Reached **** piety under Trog
  5747 | D:7      | Noticed Menkaure
  5754 | D:7      | Killed Menkaure
  5773 | D:7      | HP: 2/85 [orc warrior/war axe (13)]
  5812 | D:7      | HP: 1/85 [orc warrior/hand axe (15)]
  5838 | D:7      | Reached skill level 10 in Fighting
  5914 | D:7      | Found a snail-covered altar of Cheibriados.
  5915 | D:7      | Found a sacrificial altar of Ru.
  6038 | D:7      | Found a staircase to the Ecumenical Temple.
  6063 | Temple   | Entered the Ecumenical Temple
  7097 | D:8      | Reached skill level 11 in Axes
  7239 | D:9      | Reached XP level 10. HP: 76/94 MP: 9/9
  7729 | D:8      | Found a burning altar of Makhleb.
  8130 | D:9      | Reached ***** piety under Trog
  8545 | D:10     | Entered Level 10 of the Dungeon
  8651 | D:9      | Found a staircase to the Lair.
  8669 | D:9      | Received a gift from Trog
  8748 | D:9      | Reached skill level 1 in Bows
  8763 | D:9      | Found a staircase to the Orcish Mines.
  8815 | D:9      | Noticed a moth of wrath
  8818 | D:9      | Found a bloodstained altar of Trog.
  9309 | D:10     | Reached skill level 5 in Bows
  9893 | D:11     | Noticed a brown ugly thing
  9900 | D:11     | Killed a brown ugly thing
  9987 | D:11     | Noticed a two-headed ogre
  9998 | D:11     | Killed a two-headed ogre
 10091 | D:11     | Noticed a manticore
 10098 | D:11     | Killed a manticore
 10098 | D:11     | Reached skill level 12 in Axes
 10098 | D:11     | Reached XP level 11. HP: 70/102 MP: 10/10
 10565 | Lair:1   | Entered Level 1 of the Lair of Beasts
 10732 | Lair:1   | Received a gift from Trog
 10735 | Lair:1   | HP: 1/153 [blink frog (11)]
 10736 | Lair:1   | Succumbed to a spiny frog's poison

Skill      XL: |  1  2  3  4  5  6  7  8  9 10 |
---------------+-------------------------------+-----
Axes           | 4 5 7 9 10 11 12 | 12.9
Fighting       | 4 5 6 7 8 10 11 | 11.5
Armour         | 4 7 |  7.0
Dodging        | 4 6 |  6.3
Bows           | 8 |  8.3

Action                   |  1- 3 |  4- 6 |  7- 9 | 10-12 || total
-------------------------+-------+-------+-------+-------++-------
Melee: Hand axe          |    83 |    57 |    88 |       ||   228
       Headbutt          |    11 |     3 |    56 |    30 ||   100
       Battleaxe         |       |       |   197 |   172 ||   369
       Demon whip        |       |       |     4 |       ||     4
 Fire: Shortbow          |       |       |       |    89 ||    89
Invok: Berserk           |       |     2 |     3 |     4 ||     9
       Trog's Hand       |       |     1 |     2 |     2 ||     5
  Use: Scroll            |       |     4 |       |       ||     4
 Stab: Sleeping          |     1 |       |       |       ||     1
  Eat: Chunk             |     3 |     4 |    24 |    18 ||    49
       Ration            |       |       |     1 |       ||     1
Armor: Animal skin       |     3 |       |       |       ||     3
       Ring mail         |    29 |    16 |   103 |    75 ||   223
Dodge: Dodged            |    50 |    41 |   177 |   151 ||   419
